 Dungeon Crawl Stone Soup version 0.31.0-11-ge490571c62 (webtiles) character file.

Game seed: 10279501559140221283

1658 browni3141 the Cleaver (level 8, -8/71 HPs)
             Began as a Minotaur Fighter on Jan 29, 2024.
             Mangled by an ogre
             ... wielding a +0 giant club
              (17 damage)
             ... on level 6 of the Dungeon.
             The game lasted 00:02:20 (3869 turns).

browni3141 the Cleaver (Minotaur Fighter)           Turns: 3869, Time: 00:02:21

Health: -8/71      AC: 14    Str: 24    XL:     8   Next: 68%
Magic:  7/7        EV:  6    Int:  5    God:
Gold:   111        SH:  5    Dex:  9    Spells: 7/7 levels left

rFire   . . .        a - +0 war axe
rCold   . . .        c - +0 buckler
rNeg    . . .        u - +1 plate armour {Will+}
rPois   .            (helmet restricted)
rElec   .            (no cloak)
rCorr   +            (no gloves)
SInv    .            (no boots)
Will    +....        (no amulet) Stlth
                     w - ring of resist corrosion
HPRegen 0.31/turn    (no ring)
MPRegen 0.10/turn

%: no passive effects
@: on fire, about to teleport, glowing
A: horns 2, retaliatory headbutt
a: no special abilities


You were on level 6 of the Dungeon.
You visited 1 branch of the dungeon, and saw 6 of its levels.
You also visited: Sewer.

You collected 186 gold pieces.
You spent 75 gold pieces at shops.

Inventory:

Hand Weapons
 a - a +0 war axe (weapon)
Missiles
 k - 6 javelins (quivered)
Armour
 b - a +0 scale mail
 c - a +0 buckler (worn)
 u - a +1 plate armour of willpower (worn)
Jewellery
 w - a ring of resist corrosion (left hand)
 y - a +6 ring of intelligence
Wands
 p - a wand of iceblast (4)
Scrolls
 e - a scroll of fear {unknown}
 g - 2 scrolls of blinking {unknown}
 j - 2 scrolls of vulnerability {unknown}
 m - 2 scrolls of immolation {unknown}
 n - 2 scrolls of fog {unknown}
 q - 3 scrolls of enchant armour
 r - 2 scrolls of identify
 s - 2 scrolls of noise {unknown}
 A - a scroll of amnesia {unknown}
Potions
 h - a potion of haste {unknown}
 i - 2 potions of heal wounds {unknown}
 l - 4 potions of curing {unknown}
 o - a potion of enlightenment {unknown}
 t - a potion of brilliance {unknown}
 v - a potion of lignification {unknown}
 x - a potion of resistance {unknown}
 z - a potion of invisibility {unknown}


   Skills:
 + Level 6.9 Fighting
 * Level 8.8 Axes
 + Level 6.9 Armour
 + Level 6.9 Shields


You had 7 spell levels left.
You didn't know any spells.
Your spell library contained the following spells:

 Spells                   Type           Power      Damage    Failure   Level
 Shock                    Conj/Air       0%         1d3       100%        1
 Dazzling Flash           Conj/Hex       0%         N/A       100%        3
 Inner Flame              Hex/Fire       0%         N/A       100%        3
 Mephitic Cloud           Conj/Alch/Air  0%         N/A       100%        3
 Swiftness                Air            0%         N/A       100%        3
 Airstrike                Air            0%         2d(0-16)  100%        4
 Animate Dead             Necr           0%         N/A       100%        4
 Borgnjor's Vile Clutch   Necr/Erth      0%         N/A       100%        5
 Curse of Agony           Necr           0%         N/A       100%        5
 Irradiate                Conj/Alch      0%         3d11      100%        5
 Silence                  Hex/Air        0%         N/A       100%        5
 Death Channel            Necr           0%         N/A       100%        6
 Ignition                 Fire           0%         3d3       100%        8


Dungeon Overview and Level Annotations

Branches:
Dungeon (6/15)              Sewer (visited)
 Temple: D:4-7

Altars:
Ashenzari
Cheibriados
Elyvilon
Fedhas
Kikubaaqudgha
Qazlal
Trog
Zin
The Shining One

Shops:
D:1 *   D:3 ?

Annotations:
D:6 Jeremiah, Maggie


Innate Abilities, Weirdness & Mutations

You have a pair of horns on your head.
You reflexively headbutt those who attack you in melee.


Message History

You kill the orc!
The jelly completely misses you. You furiously retaliate!
You headbutt the jelly. You block the hound's attack.
You hit the jelly.
Your hands burn!
You headbutt the jelly!
You kill the jelly!
You slash the hound! You closely miss Maggie.
Maggie hits you with a +1 scimitar of flaming.
Maggie burns you. The hound bites you but does no damage.
You block the ogre's attack.
You hit the hound but do no damage.
The hound is heavily wounded.
You closely miss Maggie. You hit the ogre.
Your surroundings suddenly seem different.
No target in view!
No target in view!
You start resting.
A phantom comes into view.
You closely miss the phantom. The phantom barely misses you.
The phantom hits you.
You hit the phantom but do no damage. You headbutt the phantom.
The phantom is lightly damaged.
The phantom barely misses you. You furiously retaliate!
You headbutt the phantom! You hit the phantom but do no damage.
Your headbutt misses the phantom.
The phantom is heavily damaged.
The phantom hits you but does no damage.
You completely miss the phantom. You headbutt the phantom!
The phantom is severely damaged.
The phantom hits you but does no damage.
You hit the phantom. Your headbutt misses the phantom.
The phantom is almost destroyed.
The phantom hits you but does no damage.
A bombardier beetle comes into view.
You slash the phantom!
You destroy the phantom!
The sentinel's mark upon you fades away.
The hound barks!
You block the bombardier beetle's attack.
You block the hound's attack.
You closely miss the hound. You hit the bombardier beetle.
The hound bites you but does no damage.
The bombardier beetle sprays incendiary fluid at you.
The burning spray hits you.
You are covered in liquid fire!
You hit the bombardier beetle but do no damage.
The bombardier beetle is lightly wounded.
You barely miss the hound. The liquid fire burns you!
The hound bites you but does no damage. x2
You hit the bombardier beetle but do no damage.
The bombardier beetle is lightly wounded.
You hit the hound. The liquid fire burns you!
The bombardier beetle bites you but does no damage.
The jelly quivers.
You slice the hound!!
You kill the hound!
You barely miss the bombardier beetle. You closely miss the hound.
The liquid fire burns you! The hound bites you but does no damage.
The hound barely misses you.
The bombardier beetle completely misses you.
You hit the hound.
The hound is severely wounded.
You slash the bombardier beetle! The liquid fire burns you!
You block the hound's attack.
You closely miss the hound. You headbutt the hound.
The hound is almost dead.
You slash the jelly!
Your hands burn!
You completely miss the bombardier beetle.
The liquid fire burns you! The hound bites you but does no damage.
The jelly hits you but does no damage. You block the hound's attack.
The bombardier beetle bites you but does no damage.
You closely miss the hound.
The hound is almost dead.
You completely miss the bombardier beetle.
You hit the jelly.
Your hands burn!
The liquid fire burns you! The hound barely misses you.
You furiously retaliate!
You headbutt the hound.
You kill the hound!
The jelly closely misses you. The jelly hits you.
You are splashed with acid.
You resist.
You slash the jelly!
You kill the jelly!
You hit the bombardier beetle. The liquid fire burns you!
The bombardier beetle bites you but does no damage.
You closely miss the bombardier beetle.
Your headbutt misses the bombardier beetle.
The bombardier beetle is almost dead.
You slash the ogre! The liquid fire burns you! You block the ogre's attack.
The bombardier beetle closely misses you.
As you read the scroll of teleportation, it crumbles to dust.
You feel strangely unstable. The liquid fire burns you!
The ogre hits you with a +0 giant club!
You die...

.###. ....
#...
##...##
.##.....##
.......o.
.##
#...OB#
...
#....@#
###
#.....#
#.....#
#.....#
####### .
. .


You could see an ogre, a bombardier beetle and an orc.

Vanquished Creatures
  Pikel (D:4)
  A water moccasin (D:6)
  2 black bears
  A crocodile (Sewer)
  An ogre (D:5)
  A phantom (D:6)
  A lemure (D:4)
  2 scorpions
  4 hounds
  A sleepcap (D:6)
  2 jellies (D:6)
  5 iguanas
  An orc wizard (D:5)
  Terence (D:3)
  7 adders
  A shadow imp (D:5)
  2 ribbon worms
  3 dart slugs
  6 orcs
  12 ball pythons
  5 endoplasms
  3 giant cockroaches
  6 goblins
  2 hobgoblins
  9 jackals
  5 kobolds
  7 quokkas
  11 bats
  3 frilled lizards
  6 rats
112 creatures vanquished.

Notes
Turn   | Place    | Note
-------+----------+-------------------------------------------
     0 | D:1      | browni3141 the Minotaur Fighter began the quest for the
                  | Orb.
     0 | D:1      | Reached XP level 1. HP: 19/19 MP: 0/0
   283 | D:1      | Reached XP level 2. HP: 27/27 MP: 1/1
   311 | D:1      | Reached skill level 3 in Axes
   332 | D:1      | Found Egizin's General Store.
   669 | D:2      | Reached XP level 3. HP: 33/33 MP: 2/2
   886 | D:2      | Reached XP level 4. HP: 40/40 MP: 3/3
  1176 | D:3      | Reached skill level 4 in Axes
  1196 | D:3      | Found a faded altar of an unknown god.
  1235 | D:3      | Found a glowing drain.
  1241 | Sewer    | Entered a sewer
  1298 | Sewer    | Noticed a crocodile
  1313 | Sewer    | HP: 1/41 [crocodile (7)]
  1314 | Sewer    | Killed a crocodile
  1315 | Sewer    | Reached XP level 5. HP: 1/47 MP: 4/4
  1581 | D:3      | Noticed Terence
  1588 | D:3      | Killed Terence
  1627 | D:3      | Found Winwipt's Magic Scroll Shop.
  1635 | D:3      | Bought a scroll of enchant armour for 75 gold pieces
  1667 | D:3      | Reached skill level 5 in Axes
  1715 | D:3      | Found a white marble altar of Elyvilon.
  2384 | D:4      | Reached XP level 6. HP: 31/55 MP: 5/5
  2397 | D:4      | Reached skill level 5 in Fighting
  2665 | D:4      | Reached skill level 5 in Shields
  2684 | D:4      | Reached skill level 5 in Armour
  2997 | D:4      | Noticed an angel
  2998 | D:4      | Found a glowing silver altar of Zin.
  3032 | D:4      | Found a glowing golden altar of the Shining One.
  3120 | D:5      | Entered Level 5 of the Dungeon
  3120 | D:5      | Noticed Pikel
  3120 | D:5      | Found a blossoming altar of Fedhas.
  3120 | D:5      | Found a stormy altar of Qazlal.
  3163 | D:4      | Killed Pikel
  3164 | D:4      | Reached skill level 7 in Axes
  3164 | D:4      | Reached XP level 7. HP: 50/62 MP: 6/6
  3232 | D:5      | Reached XP level 8. HP: 49/70 MP: 7/7
  3487 | D:5      | Found a bloodstained altar of Trog.
  3488 | D:5      | Found a broken altar of Ashenzari.
  3488 | D:5      | Found a snail-covered altar of Cheibriados.
  3490 | D:5      | Found an ancient bone altar of Kikubaaqudgha.
  3796 | D:6      | Reached skill level 8 in Axes
  3836 | D:6      | Noticed Jeremiah
  3837 | D:6      | Noticed Maggie
  3869 | D:6      | Mangled by an ogre

Illustrated notes

Levels and vault maps discovered:
D:1:      dpeg_arrival_tiny_j, layout_loops_cross, serial_shops,
          nicolae_square_shop, minmay_misc_feat_rows, nrook_loot_triangle,
          minmay_hexomino_f4
D:2:      layout_rooms
D:3:      layout_loops_ring, elyvilon_altar_4,
          mainiacjoe_sewer_entry_somewhere_in_here_2,
          nicolae_ecumenical_lake_church, serial_glass, glass_columns_b,
          glass_columns_b, glass_columns_b, glass_columns_a, glass_columns_c,
          glass_columns_b, serial_shops, shop_scrolls, uniq_terence
D:4:      layout_basic, tso_altar, zin_angel, minmay_checkerbox
D:5:      layout_rooms, grunt_temple_overflow_forces_of_nature,
          chequers_temple_overflow_statue_of_worship, nicolae_zig_zag_zippers,
          uniq_pikel
D:6:      layout_basic, overflow_temple_1_default, amcnicky_mini_pool_small,
          minmay_starry_boxes, uniq_jeremiah, uniq_maggie, uniq_sigmund,
          uniq_prince_ribbit1

Skill      XL: |  1  2  3  4  5  6  7  8 |
---------------+-------------------------+-----
Axes           | 3 4 5 7 8 |  8.8
Fighting       | 4 5 6 |  6.9
Armour         | 4 5 6 |  6.9
Shields        | 4 5 6 |  6.9

Action                     |  1- 3 |  4- 6 |  7- 9 || total
---------------------------+-------+-------+-------++-------
  Melee: War axe           |    74 |   109 |    62 ||   245
         Headbutt          |    11 |    12 |    17 ||    40
  Throw: Javelin           |       |     2 |       ||     2
    Use: Potion            |       |     1 |       ||     1
         Scroll            |       |       |     3 ||     3
 Armour: Scale mail        |    72 |    47 |       ||   119
         Plate armour      |       |    45 |    59 ||   104
  Dodge: Dodged            |    50 |    62 |    22 ||   134
  Block: Buckler           |    21 |    36 |    23 ||    80
